| TOP OF THE 1ST |
|
Milwaukee Brewers batting - Pitching for San Diego Padres : LHP Julio Urias
|
|
Pitching: LHP Julio Urias
|
|
|
Batting: RHB Jorge Gutiérrez
|
0-0: Ball 1-0: Called Strike 1-1: Ground out 4-3 (Groundball, 34, EV 70.6 MPH)
|
|
Batting: RHB Dave Thomas
|
0-0: Ball 1-0: Called Strike 1-1: Called Strike 1-2: Strikes out swinging, 2-3 out at first.
|
|
Batting: RHB Jim Smith
|
0-0: Ball 1-0: Fly out, F8 (Line Drive, 8LM, EV 89.4 MPH)
|
| Top of the 1st over - 0 runs, 0 hits, 0 errors, 0 left on base; Milwaukee 0 - San Diego 0 |
| BOTTOM OF THE 1ST |
|
San Diego Padres batting - Pitching for Milwaukee Brewers : RHP Joe Ross
|
|
Pitching: RHP Joe Ross
|
|
|
Batting: LHB Jamal Underwood
|
0-0: Foul Ball, location: 23FF 0-1: Swinging Strike 0-2: Ground out 4-3 (Groundball, 4, EV 86.3 MPH)
|
|
Batting: SHB Tim McDaniel
|
0-0: Foul Ball, location: 2F 0-1: SOLO HOME RUN (Flyball, 9D, EV 97.5 MPH), Distance : 380 ft
|
|
Batting: RHB Michael Choice
|
0-0: Foul Ball, location: 2F 0-1: Foul Ball, location: 5DF 0-2: Ball 1-2: Reached on error, E5 (Groundball, 56, EV 108.8 MPH)
|
|
Batting: LHB Jeff Young
|
0-0: Ball Michael Choice steals 2nd base 1-0: Foul Ball, location: 7LMF 1-1: SINGLE (Line Drive, 8LS, EV 89.4 MPH) Michael Choice to third Runner from 3rd tries for Home, SAFE, throw by CF to home
|
|
Batting: RHB Mike Hollingsworth
|
0-0: Ball 1-0: Swinging Strike 1-1: Ball 2-1: Grounds into double play, 5-4-3 (Groundball, 5, EV 83.1 MPH)
|
| Bottom of the 1st over - 2 runs, 2 hits, 1 error, 0 left on base; Milwaukee 0 - San Diego 2 |
| TOP OF THE 2ND |
|
Milwaukee Brewers batting - Pitching for San Diego Padres : LHP Julio Urias
|
|
Batting: LHB Billy Wood
|
0-0: Swinging Strike 0-1: Called Strike 0-2: Ball 1-2: Fly out, F8 (Line Drive, 8RM, EV 98.1 MPH)
|
|
Batting: RHB Tim Campbell
|
0-0: Ball 1-0: Ball 2-0: DOUBLE (Line Drive, 89XD, EV 101.3 MPH)
|
|
Batting: LHB Isan Diaz
|
0-0: Ball 1-0: Called Strike 1-1: SINGLE (Line Drive, 7LS, EV 93.1 MPH) Tim Campbell to third Runner from 3rd tries for Home, SAFE, throw by LF to home
|
|
Batting: RHB Manuel Margot
|
0-0: Ball 1-0: Called Strike 1-1: Ball 2-1: Foul Ball, location: 2F 2-2: Ball 3-2: SINGLE (Groundball, 6MD, EV 105.6 MPH) Isan Diaz to second Runner from 2nd tries for 3rd, SAFE, throw by CF made to third Manuel Margot to second
|
|
Batting: RHB A.J. Jimenez
|
0-0: Called Strike 0-1: Ball 1-1: Ball 2-1: Ball 3-1: Foul Ball, location: 9LDF 3-2: Strikes out looking
|
|
Batting: RHB Gavin Cecchini
|
0-0: Swinging Strike 0-1: Ball 1-1: SINGLE (Line Drive, 78M, EV 92.5 MPH) Isan Diaz scores Manuel Margot to third Runner from 3rd tries for Home, SAFE, throw by CF to home
|
|
Batting: RHB Jorge Gutiérrez
|
0-0: Foul Ball, location: 23F 0-1: Called Strike 0-2: Ball 1-2: Strikes out swinging
|
| Top of the 2nd over - 3 runs, 4 hits, 0 errors, 1 left on base; Milwaukee 3 - San Diego 2 |
| BOTTOM OF THE 2ND |
|
San Diego Padres batting - Pitching for Milwaukee Brewers : RHP Joe Ross
|
|
Batting: RHB Jorge Zaragoza
|
0-0: Called Strike 0-1: Foul Ball, location: 2RF 0-2: Fly out, F9 (Flyball, 9, EV 90.0 MPH)
|
|
Batting: RHB Miguel Mercedes
|
0-0: Ball 1-0: Called Strike 1-1: Swinging Strike 1-2: Strikes out swinging
|
|
Batting: RHB Tony López
|
0-0: Foul Ball, location: 2LF 0-1: Ball 1-1: Called Strike 1-2: Foul Ball, location: 25F 1-2: Strikes out swinging
|
| Bottom of the 2nd over - 0 runs, 0 hits, 0 errors, 0 left on base; Milwaukee 3 - San Diego 2 |
| TOP OF THE 3RD |
|
Milwaukee Brewers batting - Pitching for San Diego Padres : LHP Julio Urias
|
|
Batting: RHB Dave Thomas
|
0-0: Called Strike 0-1: Ball 1-1: Fly out, F8 (Flyball, 8RM, EV 77.5 MPH)
|
|
Batting: RHB Jim Smith
|
0-0: Foul Ball, location: 2F 0-1: Ball 1-1: Swinging Strike 1-2: Ball 2-2: Fly out, F7 (Flyball, 78D, EV 88.1 MPH)
|
|
Batting: LHB Billy Wood
|
0-0: Ground out U3 (Groundball, 34, EV 79.4 MPH)
|
| Top of the 3rd over - 0 runs, 0 hits, 0 errors, 0 left on base; Milwaukee 3 - San Diego 2 |
| BOTTOM OF THE 3RD |
|
San Diego Padres batting - Pitching for Milwaukee Brewers : RHP Joe Ross
|
|
Batting: RHB Tony Brune
|
0-0: Called Strike 0-1: Ball 1-1: Ball 2-1: Ball 3-1: Foul Ball, location: 9LMF 3-2: Base on Balls
|
|
Batting: LHB Jamal Underwood
|
0-0: Ball 1-0: Fly out, F8 (Flyball, 8LM, EV 95.0 MPH)
|
|
Batting: SHB Tim McDaniel
|
0-0: Ball 1-0: Swinging Strike 1-1: Ball 2-1: Foul Ball, location: 7LSF 2-2: Ball 3-2: Foul Ball, location: 3F 3-2: Ground out 4-3 (Groundball, 4S, EV 75.0 MPH) Tony Brune to second
|
|
Batting: RHB Michael Choice
|
0-0: Called Strike 0-1: Called Strike 0-2: Fly out, F3 (Popup, 34, EV 58.8 MPH)
|
| Bottom of the 3rd over - 0 runs, 0 hits, 0 errors, 1 left on base; Milwaukee 3 - San Diego 2 |
| TOP OF THE 4TH |
|
Milwaukee Brewers batting - Pitching for San Diego Padres : LHP Julio Urias
|
|
Batting: RHB Tim Campbell
|
0-0: Foul Ball, location: 25F 0-1: Foul Ball, location: 25FF 0-2: Strikes out swinging
|
|
Batting: LHB Isan Diaz
|
0-0: Called Strike 0-1: Ball 1-1: Ball 2-1: Foul Ball, location: 9LSF 2-2: Ground out U3 (Groundball, 34, EV 101.9 MPH)
|
|
Batting: RHB Manuel Margot
|
0-0: Foul Ball, location: 5F 0-1: Ball 1-1: Ground out 6-3 (Groundball, P, EV 88.1 MPH)
|
| Top of the 4th over - 0 runs, 0 hits, 0 errors, 0 left on base; Milwaukee 3 - San Diego 2 |
| BOTTOM OF THE 4TH |
|
San Diego Padres batting - Pitching for Milwaukee Brewers : RHP Joe Ross
|
|
Batting: LHB Jeff Young
|
0-0: Ball 1-0: Called Strike 1-1: Called Strike 1-2: Ball 2-2: Ground out 1-3 (Groundball, 13, EV 73.1 MPH)
|
|
Batting: RHB Mike Hollingsworth
|
0-0: Ball 1-0: Ball 2-0: Ground out 5-3 (Groundball, 5L, EV 80.6 MPH)
|
|
Batting: RHB Jorge Zaragoza
|
0-0: Ball 1-0: Ball 2-0: Called Strike 2-1: Called Strike 2-2: Foul Ball, location: 9LSF 2-2: Ground out 4-3 (Groundball, 4M, EV 90.0 MPH)
|
| Bottom of the 4th over - 0 runs, 0 hits, 0 errors, 0 left on base; Milwaukee 3 - San Diego 2 |
| TOP OF THE 5TH |
|
Milwaukee Brewers batting - Pitching for San Diego Padres : LHP Julio Urias
|
|
Batting: RHB A.J. Jimenez
|
0-0: Swinging Strike 0-1: Foul Ball, location: 2F 0-2: Strikes out swinging
|
|
Batting: RHB Gavin Cecchini
|
0-0: Ball 1-0: Foul Ball, location: 2F 1-1: Ball 2-1: Foul Ball, location: 2F 2-2: Ground out 6-3 (Groundball, 6, EV 84.4 MPH)
|
|
Pitching: LHP Jake McGee
|
|
|
Batting: RHB Jorge Gutiérrez
|
0-0: Foul Ball, location: 5FF 0-1: Ball 1-1: Ground out U3 (Groundball, 3, EV 82.5 MPH)
|
| Top of the 5th over - 0 runs, 0 hits, 0 errors, 0 left on base; Milwaukee 3 - San Diego 2 |
| BOTTOM OF THE 5TH |
|
San Diego Padres batting - Pitching for Milwaukee Brewers : RHP Joe Ross
|
|
Batting: RHB Miguel Mercedes
|
0-0: Ball 1-0: Foul Ball, location: 2F 1-1: Swinging Strike 1-2: Ball 2-2: Fly out, F6 (Line Drive, 6, EV 65.0 MPH)
|
|
Batting: RHB Tony López
|
0-0: Ball 1-0: Called Strike 1-1: Ball 2-1: Foul Ball, location: 3F 2-2: Fly out, F2 (Popup, 23F, EV 87.5 MPH)
|
|
Batting: RHB Tony Brune
|
0-0: Ball 1-0: Ball 2-0: Called Strike 2-1: Foul Ball, location: 3F 2-2: Foul Ball, location: 9LMF 2-2: Fly out, F7 (Flyball, 78M, EV 92.5 MPH)
|
| Bottom of the 5th over - 0 runs, 0 hits, 0 errors, 0 left on base; Milwaukee 3 - San Diego 2 |
| TOP OF THE 6TH |
|
Milwaukee Brewers batting - Pitching for San Diego Padres : LHP Jake McGee
|
|
Batting: RHB Dave Thomas
|
0-0: Called Strike 0-1: Ground out 3-1 (Groundball, 34, EV 100.6 MPH)
|
|
Batting: RHB Jim Smith
|
0-0: Ball 1-0: Ball 2-0: Ground out 5-3 (Groundball, 5L, EV 104.4 MPH)
|
|
Batting: LHB Billy Wood
|
0-0: Called Strike 0-1: Ball 1-1: DOUBLE (Groundball, 3L, EV 104.4 MPH)
|
|
Batting: RHB Tim Campbell
|
0-0: Ball 1-0: SINGLE (Groundball, 4MD, EV 95.0 MPH) Billy Wood to third Runner from 3rd tries for Home, SAFE, throw by CF to home
|
|
Batting: LHB Isan Diaz
|
0-0: Ball 1-0: Called Strike 1-1: Fly out, F7 (Flyball, 7LS, EV 89.4 MPH)
|
| Top of the 6th over - 1 run, 2 hits, 0 errors, 1 left on base; Milwaukee 4 - San Diego 2 |
| BOTTOM OF THE 6TH |
|
San Diego Padres batting - Pitching for Milwaukee Brewers : RHP Joe Ross
|
|
Batting: LHB Jamal Underwood
|
0-0: Fly out, F8 (Line Drive, 8LM, EV 100.0 MPH)
|
|
Batting: SHB Tim McDaniel
|
0-0: Called Strike 0-1: Swinging Strike 0-2: Ball 1-2: Foul Ball, location: 2F 1-2: Strikes out swinging, 2-3 out at first.
|
|
Batting: RHB Michael Choice
|
0-0: Ball 1-0: Foul Ball, location: 7LMF 1-1: Ball 2-1: Foul Ball, location: 2F 2-2: Ball 3-2: Foul Ball, location: 2F 3-2: SOLO HOME RUN (Flyball, 8RXD, EV 98.1 MPH), Distance : 406 ft
|
|
Batting: LHB Jeff Young
|
0-0: SINGLE (Groundball, 6MD, EV 95.0 MPH)
|
|
Batting: RHB Mike Hollingsworth
|
0-0: Fly out, F8 (Flyball, 89D, EV 98.1 MPH)
|
| Bottom of the 6th over - 1 run, 2 hits, 0 errors, 1 left on base; Milwaukee 4 - San Diego 3 |
| TOP OF THE 7TH |
|
Milwaukee Brewers batting - Pitching for San Diego Padres : LHP Jake McGee
|
|
Pitching: RHP Henry Hirsch
|
|
|
Batting: RHB Manuel Margot
|
0-0: Ball 1-0: Swinging Strike 1-1: Foul Ball, location: 7LDF 1-2: Strikes out looking
|
|
Batting: RHB A.J. Jimenez
|
0-0: Ball 1-0: Reached on error, E6 (Groundball, 6D, EV 95.0 MPH)
|
|
Batting: RHB Gavin Cecchini
|
0-0: Ball 1-0: Ball 2-0: Called Strike 2-1: Ball 3-1: Fly out, F8 (Line Drive, 8RM, EV 90.6 MPH)
|
|
Batting: RHB Jorge Gutiérrez
|
0-0: Foul Ball, location: 25FF 0-1: Swinging Strike 0-2: Fly out, F8 (Flyball, 8RM, EV 90.6 MPH)
|
| Top of the 7th over - 0 runs, 0 hits, 1 error, 1 left on base; Milwaukee 4 - San Diego 3 |
| BOTTOM OF THE 7TH |
|
San Diego Padres batting - Pitching for Milwaukee Brewers : RHP Joe Ross
|
|
Pitching: LHP Curt Wilkerson
|
|
|
Batting: RHB Jorge Zaragoza
|
0-0: Foul Ball, location: 2F 0-1: Ball 1-1: DOUBLE (Line Drive, 78XD, EV 106.3 MPH)
|
|
Batting: RHB Miguel Mercedes
|
0-0: Fly out, F9 (Flyball, 9, EV 97.5 MPH)
|
|
Batting: RHB Tony López
|
0-0: SINGLE (Groundball, 5S, EV 67.5 MPH) (infield hit) Jorge Zaragoza to third
|
|
Batting: RHB Tony Brune
|
0-0: Swinging Strike 0-1: Ball 1-1: Ball 2-1: Swinging Strike 2-2: Ball 3-2: Fly out, F8 (Flyball, 8RXD, EV 93.8 MPH) Runner from 3rd tags up, SCORES, no throw by CF
|
|
Pinch Hitting: RHB Shawn Grimes
|
0-0: Ball 1-0: Ball 2-0: Called Strike 2-1: Foul Ball, location: 9LMF 2-2: Ball 3-2: Foul Ball, location: 9LDF 3-2: Foul Ball, location: 25FF 3-2: Strikes out swinging
|
| Bottom of the 7th over - 1 run, 2 hits, 0 errors, 1 left on base; Milwaukee 4 - San Diego 4 |
| TOP OF THE 8TH |
|
Milwaukee Brewers batting - Pitching for San Diego Padres : RHP Henry Hirsch
|
|
Pitching: RHP Walker Lockett
|
|
|
Now in LF: Shawn Grimes
|
|
|
Batting: RHB Dave Thomas
|
0-0: Called Strike 0-1: Foul Ball, location: 9LMF 0-2: Strikes out swinging
|
|
Batting: RHB Jim Smith
|
0-0: Fly out, F7 (Flyball, 7D, EV 85.0 MPH)
|
|
Batting: LHB Billy Wood
|
0-0: Fly out, F9 (Line Drive, 9, EV 91.3 MPH)
|
| Top of the 8th over - 0 runs, 0 hits, 0 errors, 0 left on base; Milwaukee 4 - San Diego 4 |
| BOTTOM OF THE 8TH |
|
San Diego Padres batting - Pitching for Milwaukee Brewers : LHP Curt Wilkerson
|
|
Pitching: RHP Trevor Rosenthal
|
|
|
Batting: SHB Tim McDaniel
|
0-0: Ball 1-0: Called Strike 1-1: Foul Ball, location: 2F 1-2: Ball 2-2: SOLO HOME RUN (Flyball, 89XD, EV 98.8 MPH), Distance : 410 ft
|
|
Batting: RHB Michael Choice
|
0-0: Ball 1-0: Ball 2-0: Swinging Strike 2-1: Foul Ball, location: 2F 2-2: Foul Ball, location: 3SF 2-2: Foul Ball, location: 3SF 2-2: Foul Ball, location: 25F 2-2: Ball 3-2: Strikes out swinging
|
|
Batting: LHB Jeff Young
|
0-0: Ball 1-0: Fly out, F5 (Popup, 5SF, EV 70.0 MPH)
|
|
Batting: RHB Mike Hollingsworth
|
0-0: Foul Ball, location: 9LMF 0-1: Foul Ball, location: 5DF 0-2: Ball 1-2: Foul Ball, location: 2F 1-2: Ball 2-2: Foul Ball, location: 5DF 2-2: Ball 3-2: Fly out, F7 (Line Drive, 7, EV 91.3 MPH)
|
| Bottom of the 8th over - 1 run, 1 hit, 0 errors, 0 left on base; Milwaukee 4 - San Diego 5 |
| TOP OF THE 9TH |
|
Milwaukee Brewers batting - Pitching for San Diego Padres : RHP Walker Lockett
|
|
Pitching: RHP Domynguos Venegas
|
|
|
Now in RF: Darrel Nijland
|
|
|
Batting: RHB Tim Campbell
|
0-0: Ball 1-0: Foul Ball, location: 2F 1-1: SINGLE (Line Drive, 9S, EV 101.9 MPH)
|
|
Batting: LHB Isan Diaz
|
0-0: Swinging Strike 0-1: Foul Ball, location: 7LSF 0-2: Ball 1-2: Ball 2-2: Strikes out swinging
|
|
Pinch Hitting: LHB Christian Yelich
|
0-0: Ball 1-0: Called Strike 1-1: Fly out, F8 (Flyball, 8RD, EV 106.9 MPH)
|
|
Batting: RHB A.J. Jimenez
|
0-0: Ball 1-0: Fly out, F4 (Line Drive, 4M, EV 71.3 MPH)
|
| Top of the 9th over - 0 runs, 1 hit, 0 errors, 1 left on base; Milwaukee 4 - San Diego 5 |
|